Map: Pillars of Gold LE

Players

SKillous - Winner!

  • Race: Protoss Protoss
  • League: Grandmaster
  • Spawn Location: 7:00

Lambo

  • Race: Zerg Zerg
  • League: Grandmaster
  • Spawn Location: 1:00

Event: StayAtHome Story Cup #3

VOD

Have the link to the VOD?

Description

Time

  • Played on: March 11, 2021, 10:17 a.m.
  • Length: 9:19

All games in this series

Show
View Real Time Build Order
Export as new Build Order

SKillous Protoss - Winner!

Build Orders: 1 Gate Expand, Oracle Opening, Zealot Archon 

Get SALT Encoding   

  12  0:00  Probe  
  13  0:12  Probe  
  14  0:19  Pylon  
  14  0:24  Probe  
  15  0:37  Probe (Chrono Boost)  
  15  0:40  Gateway  
  16  0:47  Probe (Chrono Boost)  
  17  0:50  Assimilator  
  17  0:53  Probe  
  18  1:05  Probe  
  19  1:17  Probe  
  20  1:29  Nexus  
  20  1:39  Cybernetics Core  
  20  1:43  Probe  
  21  1:50  Assimilator  
  21  1:55  Probe  
  21  1:59  Pylon  
  22  2:07  Probe  
  23  2:14  Adept (Chrono Boost)  
  23  2:19  Probe  
  26  2:22  Stargate  
  26  2:29  Warp Gate  
  26  2:32  Probe (Chrono Boost)  
  26  2:35  Adept (Chrono Boost)  
  27  2:41  Probe (Chrono Boost)  
  31  2:49  Probe (Chrono Boost)  
  31  2:50  Probe (Chrono Boost)  
  32  2:55  Probe x2 (Chrono Boost)  
  34  2:59  Void Ray (Chrono Boost)  
  34  3:06  Adept  
  34  3:11  Probe  
  34  3:12  Probe  
  42  3:19  Pylon  
  42  3:25  Gateway  
  42  3:26  Probe  
  43  3:28  Probe  
  44  3:37  Oracle  
  47  3:45  Probe  
  44  3:48  Probe  
  45  3:57  Probe  
  45  4:01  Probe, Nexus  
  47  4:03  Pylon  
  47  4:09  Probe, Assimilator  
  48  4:11  Assimilator  
  48  4:13  Probe  
  49  4:17  Stargate  
  49  4:21  Probe, Void Ray (Chrono Boost)  
  50  4:25  Probe  
  55  4:33  Probe  
  55  4:34  Adept  
  55  4:37  Probe  
  59  4:38  Pylon  
  59  4:45  Probe  
  60  4:49  Probe  
  61  4:57  Probe  
  62  5:01  Probe  
  62  5:03  Forge  
  62  5:04  Void Ray  
  63  5:07  Twilight Council  
  63  5:09  Probe  
  63  5:12  Void Ray  
  63  5:13  Probe x2 (Chrono Boost)  
  74  5:25  Probe (Chrono Boost)  
  74  5:26  Probe (Chrono Boost)  
  74  5:27  Assimilator  
  77  5:30  Assimilator  
  77  5:31  Probe (Chrono Boost)  
  77  5:33  Protoss Ground Weapons Level 1 (Chrono Boost)  
  77  5:34  Probe (Chrono Boost), Pylon  
  79  5:36  Probe (Chrono Boost)  
  79  5:38  Probe (Chrono Boost)  
  79  5:39  Probe  
  79  5:40  Charge  
  81  5:46  Probe  
  81  5:49  Probe  
  83  5:52  Robotics Facility  
  83  5:54  Probe  
  83  5:56  Shield Battery  
  84  5:58  Probe  
  84  6:03  Templar Archives  
  85  6:05  Gateway  
  85  6:06  Gateway  
  85  6:10  Probe x3  
  88  6:17  Pylon  
  88  6:21  Gateway x2  
  88  6:26  Probe  
  88  6:30  Gateway x2  
  88  6:31  Pylon  
  89  6:36  Probe  
  89  6:37  Warp Prism (Chrono Boost)  
  89  6:48  Gateway x2  
  89  6:54  Gateway  
  89  6:57  Gateway  
  89  6:59  Pylon  
  89  7:00  High Templar  
  91  7:02  High Templar, Warp Prism (Chrono Boost)  
  91  7:03  High Templar x2  
  91  7:07  Archon  
  91  7:08  Photon Cannon, Archon  
  99  7:29  High Templar x4  
  107  7:30  Nexus  
  107  7:32  Pylon  
  107  7:36  Archon x2  
  107  7:40  Pylon  
  107  7:43  Sentry x2  
  107  7:44  Zealot x3  
  117  7:47  Pylon  
  117  7:48  Pylon  
  117  7:51  Zealot x2  
  121  7:58  Zealot  
  123  8:02  Zealot x4  
  123  8:04  Zealot  
  131  8:15  High Templar x4  
  131  8:16  Zealot x2  
  131  8:17  Probe x3  
  144  8:20  Archon x2  
  144  8:24  Zealot x2  
  148  8:27  Pylon  
  148  8:28  Pylon x2  
  148  8:29  Probe  
  143  8:34  Zealot x3  
  143  8:38  Zealot x2  
  141  8:45  Zealot x3  
  129  8:50  Zealot x2  
  129  8:51  Zealot  
  117  8:56  Zealot  
  109  9:07  Zealot  
  109  9:08  Zealot x4  
Show
View Real Time Build Order
Export as new Build Order

Lambo Zerg 

Build Orders: Hatch First, Roach Hydra 

Get SALT Encoding   

  12  0:00  Drone  
  13  0:13  Overlord  
  13  0:17  Drone  
  14  0:31  Drone x2  
  16  0:46  Drone  
  17  0:53  Hatchery  
  16  0:57  Drone  
  16  1:00  Drone  
  18  1:10  Extractor  
  17  1:15  Spawning Pool  
  16  1:19  Drone  
  16  1:22  Drone  
  18  1:30  Drone  
  19  1:41  Drone  
  20  1:53  Overlord  
  20  2:01  Queen  
  20  2:04  Queen  
  20  2:05  Drone  
  20  2:06  Zergling x2  
  26  2:12  Zergling x2  
  26  2:15  Metabolic Boost  
  27  2:17  Drone  
  28  2:23  Drone  
  28  2:27  Drone  
  30  2:39  Hatchery  
  30  2:42  Drone  
  30  2:43  Drone  
  31  2:49  Drone  
  32  2:53  Overlord  
  32  2:57  Queen  
  34  3:00  Drone  
  36  3:05  Drone  
  36  3:11  Queen, Zergling x2  
  39  3:15  Drone x2  
  39  3:17  Drone  
  42  3:20  Overlord  
  42  3:24  Drone  
  43  3:27  Zergling x2  
  43  3:31  Overlord  
  43  3:38  Queen  
  42  3:47  Drone  
  41  3:54  Drone  
  42  3:56  Drone  
  42  3:57  Drone  
  42  4:01  Drone  
  45  4:03  Drone  
  45  4:04  Drone  
  45  4:08  Drone x2  
  49  4:12  Drone  
  49  4:13  Drone x2  
  52  4:18  Drone x2  
  52  4:20  Spore Crawler  
  52  4:23  Drone  
  52  4:24  Drone  
  55  4:26  Drone  
  55  4:28  Overlord  
  56  4:31  Drone  
  56  4:34  Overlord  
  57  4:47  Drone x8  
  57  4:52  Overlord x2  
  65  4:58  Overlord  
  65  5:00  Overlord  
  65  5:05  Lair  
  64  5:12  Drone x6  
  64  5:13  Extractor, Drone  
  69  5:15  Drone  
  69  5:18  Drone  
  69  5:21  Drone, Evolution Chamber  
  72  5:27  Drone x4  
  75  5:28  Evolution Chamber  
  75  5:30  Drone  
  75  5:32  Queen  
  75  5:33  Extractor x2, Drone x2  
  75  5:38  Queen  
  75  5:42  Drone  
  78  5:43  Drone x3  
  78  5:45  Extractor, Drone  
  78  5:46  Extractor  
  79  5:53  Zerg Missile Weapons Level 1  
  79  5:56  Drone x2, Roach Warren  
  79  5:57  Drone x2, Overlord  
  82  6:02  Drone x2  
  82  6:03  Drone x2  
  85  6:04  Queen  
  85  6:08  Hydralisk Den  
  86  6:14  Spore Crawler  
  86  6:17  Drone x3  
  86  6:18  Infestation Pit  
  87  6:22  Queen  
  87  6:25  Drone  
  90  6:34  Overlord  
  90  6:36  Zerg Ground Armor Level 1, Glial Reconstitution  
  90  6:37  Overlord  
  90  6:39  Muscular Augments  
  90  6:41  Overlord  
  90  6:42  Hatchery  
  90  6:44  Overlord  
  89  6:48  Overlord  
  89  6:52  Queen  
  92  6:58  Queen, Hive  
  92  7:00  Lurker Den  
  93  7:04  Hydralisk x3  
  93  7:07  Spore Crawler  
  98  7:11  Hatchery  
  97  7:18  Hydralisk  
  97  7:19  Hydralisk x3  
  105  7:23  Drone x4  
  105  7:27  Queen  
  105  7:29  Roach x2  
  115  7:32  Drone x3  
  115  7:33  Drone x2  
  115  7:34  Queen  
  115  7:35  Zergling x2  
  115  7:36  Drone, Extractor  
  123  7:39  Hydralisk  
  123  7:42  Extractor  
  123  7:43  Drone x4  
  123  7:44  Drone  
  129  7:45  Drone  
  129  7:49  Overlord x2  
  130  7:53  Grooved Spines  
  130  7:57  Overlord  
  130  7:58  Overlord  
  130  8:01  Overlord  
  130  8:02  Overlord  
  130  8:05  Overlord  
  130  8:08  Drone x2, Overlord  
  130  8:09  Drone  
  130  8:12  Hydralisk x2  
  137  8:14  Roach  
  137  8:18  Roach x3  
  145  8:21  Roach  
  145  8:24  Roach x2  
  145  8:26  Roach x2  
  155  8:29  Roach  
  155  8:31  Roach  
  155  8:34  Roach  
  151  8:37  Roach x2  
  151  8:41  Roach x2  
  131  8:43  Roach  
  131  8:45  Roach  
  131  8:48  Roach  
  116  8:52  Roach  
  116  8:55  Roach  
  103  9:00  Roach  
Tags
 
Add a new tag
Caveats
  • Supply blocks, unpowered buildings, or Contaminate may cause inaccurate times.
  • Supply counts are checked every 10 seconds.